 Dungeon Crawl Stone Soup version 0.19.1 (webtiles) character file.

1753 Haldmier the Cleaver (level 9, -1/56 HPs)
             Began as a Gargoyle Gladiator on Dec 9, 2016.
             Was a Follower of Makhleb.
             Slain by an orc warrior
             ... wielding a +0 flail
              (7 damage)
             ... on level 8 of the Dungeon.
             The game lasted 00:21:21 (6988 turns).

Haldmier the Cleaver (Gargoyle Gladiator)           Turns: 6988, Time: 00:21:21

Health: -1/56      AC: 18    Str: 21    XL:     9   Next: 6%
Magic:  9/9        EV: 11    Int:  8    God:    Makhleb [*.....]
Gold:   414        SH:  3    Dex: 12    Spells: 0 memorised, 8 levels left

rFire  . . .     SeeInvis .     a - +0 war axe
rCold  . . .     Gourm    +     t - +0 chain mail
rNeg   + . .     Faith    .     F - +0 buckler
rPois  ∞         Spirit   .     c - +0 helmet
rElec  +         Reflect  .     E - +2 cloak {+Inv}
rCorr  .         Harm     .     z - +0 pair of gloves
MR     .....                    (no boots)
Stlth  ..........               s - amulet of the gourmand
                                A - ring of stealth
                                q - +4 ring of evasion

@: no status effects
A: negative energy resistance 1, electricity resistance, unbreathing,
petrification resistance, rot immunity, AC +5
a: Renounce Religion, Evoke Invisibility


You were on level 8 of the Dungeon.
You worshipped Makhleb.
Makhleb was aware of your devotion.
You were very full.

You visited 2 branches of the dungeon, and saw 9 of its levels.

You collected 414 gold pieces.

Inventory:

Hand Weapons
 a - a +0 war axe (weapon)
 C - a +0 hunting sling
 H - a +0 fustibalus
Missiles
 d - 3 throwing nets (quivered)
 h - 64 sling bullets
 l - 246 stones
 y - 2 tomahawks
Armour
 c - a +0 helmet (worn)
 t - a +0 chain mail (worn)
 z - a +0 pair of gloves (worn)
 E - a +2 cloak of invisibility (worn)
 F - a +0 buckler (worn)
Jewellery
 j - an uncursed ring of magical power {unknown}
 p - an uncursed ring of resist corrosion
 q - a +4 ring of evasion (left hand)
 s - an amulet of the gourmand (around neck)
 A - a ring of stealth (right hand)
Scrolls
 b - a scroll of fear {unknown}
 e - a scroll of immolation {unknown}
 n - a scroll of fog
 o - 2 scrolls of enchant armour {unknown}
 r - 4 scrolls of teleportation {unknown}
 u - 6 scrolls of remove curse {unknown}
 x - 4 scrolls of amnesia {unknown}
 B - 2 scrolls of identify
Potions
 g - 2 potions of flight
 k - a potion of cancellation
 m - 2 potions of curing
 v - a potion of agility
 w - a potion of cure mutation
 D - a potion of magic
Comestibles
 f - 6 bread rations
 i - 5 fruits
 G - a beef jerky


   Skills:
 + Level 6.7 Fighting
 * Level 9.3 Axes
 - Level 1.7 Throwing
 - Level 2.4 Dodging


You had 8 spell levels left.
You didn't know any spells.

Dungeon Overview and Level Annotations

Branches:
Dungeon (8/15)             Temple (1/1) D:4
   Lair: D:8-11

Altars:
Ashenzari
Cheibriados
Dithmenos
Elyvilon
Fedhas
Gozag
Hepliaklqana
Kikubaaqudgha
Makhleb
Nemelex Xobeh
Okawaru
Qazlal
Ru
Sif Muna
Trog
Uskayaw
Vehumet
Xom
Yredelemnul
Zin
The Shining One

Shops:
D:7 [   D:8 }

Annotations:
D:2 Sigmund
D:5 Vajrapani's ghost, novice TrHu


Innate Abilities, Weirdness & Mutations

You are resistant to torment.
Your stone body is resilient. (AC +5)
You are immune to poison.
You resist negative energy. (rN+)
You are resistant to electric shocks. (rElec)
You can survive without breathing.
You are immune to petrification.
You are immune to rotting.


Message History

* * * LOW HITPOINT WARNING * * *
The orc priest looks encouraged for a moment.
You take 17 damage, and have 14/56 hp.
MASSIVE DAMAGE!!
The orc priest calls upon Beogh to heal the orc warrior.
The orc warrior is healed somewhat.
The orc priest looks satisfied for a moment.
The orc priest looks satisfied for a moment.
The orc priest calls upon Beogh to heal the orc warrior.
The orc warrior is healed somewhat.
The orc priest invokes the aid of Beogh against you.
Beogh smites you!
* * * LOW HITPOINT WARNING * * *
You take 13 damage, and have 4/56 hp.
MASSIVE DAMAGE!!
There is an entrance to Xanorch's Gadget Shoppe here.
Okay, then.
Okay, then.
As you read the scroll labeled JACKOU RAHOYG, it crumbles to dust.
The scroll dissolves into smoke.
It was a scroll of fog.
The orc warrior hits you with a flail!
You die...

#..#.# #..#.# ..#.#
#... ######
#..########## .....#
#...#<.§§@o§#
.....###...#######§#
................∩..#
...........#########
#.........>#
#........##########
..#####........o.o#
.## ##..#######.# .#
#..## #.#


You could see an orc warrior.

Vanquished Creatures
  Menkaure (D:6)
  A sky beast (D:8)
  An ice beast (D:7)
  An ogre (D:6)
  3 centaurs
  3 bullfrogs
  A crimson imp (D:6)
  2 howler monkeys
  A centaur zombie (D:7)
  A bullfrog zombie (D:5)
  2 hounds
  3 orc wizards (D:5)
  A jelly (D:6)
  An orc priest (D:5)
  3 bullfrog skeletons
  2 iguanas (D:4)
  4 worker ants
  2 hound skeletons (D:4)
  A mummy (D:5)
  7 adders
  7 river rats (D:8)
  4 shadow imps
  2 oozes
  An adder skeleton (D:6)
  4 worms
  2 dart slugs
  3 leopard geckos
  7 orcs
  2 ball pythons
  5 bats
  6 giant cockroaches
  10 goblins
  8 hobgoblins
  7 jackals
  3 quokkas
  3 frilled lizards
  2 hobgoblin zombies (D:5)
  A jackal zombie (D:5)
  9 kobolds
  2 kobold zombies (D:5)
  A quokka skeleton (D:7)
  25 rats
155 creatures vanquished.

Notes
Turn   | Place    | Note
-------+----------+-------------------------------------------
     0 | D:1      | Haldmier the Gargoyle Gladiator began the quest for the Orb.
     0 | D:1      | Reached XP level 1. HP: 12/12 MP: 1/1
   101 | D:1      | Reached skill level 3 in Axes
   148 | D:1      | Reached XP level 2. HP: 17/17 MP: 2/2
   701 | D:1      | Reached XP level 3. HP: 12/21 MP: 3/3
  1137 | D:2      | Reached skill level 4 in Axes
  1274 | D:2      | Found a faded altar of an unknown god.
  1298 | D:2      | Reached XP level 4. HP: 26/26 MP: 4/4
  1980 | D:2      | Noticed Sigmund
  2364 | D:3      | Found a glowing golden altar of the Shining One.
  2468 | D:3      | Reached skill level 5 in Axes
  2468 | D:3      | Reached XP level 5. HP: 30/30 MP: 5/5
  2681 | D:4      | Found a staircase to the Ecumenical Temple.
  2697 | Temple   | Entered the Ecumenical Temple
  3297 | D:4      | Reached XP level 6. HP: 24/37 MP: 6/6
  3882 | D:5      | Entered Level 5 of the Dungeon
  4087 | D:5      | Reached skill level 6 in Axes
  4413 | D:5      | Reached XP level 7. HP: 38/42 MP: 7/7
  4547 | D:5      | Noticed Vajrapani's ghost (novice TrHu)
  5410 | D:6      | Found an ancient bone altar of Kikubaaqudgha.
  5415 | D:6      | Found a hide-covered altar of Uskayaw.
  5418 | D:6      | Found a burning altar of Makhleb.
  5418 | D:6      | Found a shadowy altar of Dithmenos.
  5418 | D:6      | Noticed Menkaure
  5429 | D:6      | Killed Menkaure
  5429 | D:6      | Reached skill level 7 in Axes
  5437 | D:6      | Became a worshipper of Makhleb the Destroyer
  5558 | D:6      | Reached skill level 5 in Fighting
  5558 | D:6      | Reached XP level 8. HP: 38/49 MP: 8/8
  5775 | D:6      | Reached skill level 8 in Axes
  6267 | D:7      | Found Edgheafilo's Antique Armour Boutique.
  6501 | D:8      | Found Xanorch's Gadget Shoppe.
  6546 | D:8      | Reached * piety under Makhleb
  6605 | D:8      | Reached skill level 9 in Axes
  6690 | D:8      | Reached XP level 9. HP: 56/56 MP: 9/9
  6988 | D:8      | Slain by an orc warrior

Skill      XL: |  1  2  3  4  5  6  7  8 |
---------------+-------------------------+-----
Axes           | 3 4 5 6 7 9 |  9.3
Fighting       | 3 5 6 |  6.7
Throwing       | |  1.7
Dodging        | |  2.4

Action                   |  1- 3 |  4- 6 |  7- 9 || total
-------------------------+-------+-------+-------++-------
Melee: War axe           |    97 |   263 |   230 ||   590
 Abil: Evoke Invisibilit |       |       |     1 ||     1
  Use: Scroll            |       |     5 |     5 ||    10
       Potion            |       |     1 |       ||     1
  Eat: Chunk             |     3 |    18 |     8 ||    29
Armor: Leather armour    |     7 |       |       ||     7
       Ring mail         |    51 |    59 |       ||   110
       Chain mail        |       |    76 |   118 ||   194
Dodge: Dodged            |    81 |   209 |   171 ||   461
Block: Buckler           |       |       |     1 ||     1
